[Event "Titled Tuesday Blitz November 29 Late 2022"]
[White "Przybylski, Wojciech"]
[Black "Czopor, Maciej"]
[WhiteFideId "1117599"]
[BlackFideId "21805431"]
[WhiteElo "2221"]
[BlackElo "2324"]
[Result "0-1"]
[Round "08"]
[TimeControl "180+1"]
[Date "2022.11.30"]
[WhiteClock "0:00:01"]
[BlackClock "0:00:04"]

1. e4 c6 2. d4 d5 3. Nc3 g6 4. Nf3 Bg7 5. h3 dxe4 6. Nxe4 Nf6 7. Nc3 O-O 8. Be2 a5 9. O-O Na6 10. Re1 Nc7 11. Ne5 Bf5 12. Bf3 Re8 13. a4 Ncd5 14. Nxd5 cxd5 15. c3 Qb6 16. b3 Rac8 17. Bb2 Be6 18. Nd3 Ne4 19. Bxe4 dxe4 20. Nc5 Rxc5 21. dxc5 Qxb3 22. Qxb3 Bxb3 23. Rxe4 Bd5 24. Re2 Bc6 25. c4 Bf8 26. Bc3 Ra8 27. Rd2 f6 28. f4 Kf7 29. Bd4 Bh6 30. Be3 Bg7 31. Kf2 Rc8 32. g4 Bf8 33. h4 h5 34. gxh5 gxh5 35. Ke2 Bh6 36. Kd3 Rg8 37. Rg1 Rxg1 38. Bxg1 Bxf4 39. Be3 Bg3 40. Bf2 Bf4 41. Be3 Be5 42. Bd4 Bc7 43. Rf2 Bxa4 44. Bc3 Bc6 45. Rf1 a4 46. Bb2 e5 47. Bc1 Ke6 48. Rg1 Kf7 49. Bb2 Bd8 50. Rf1 Ke6 51. Rg1 Be7 52. Ba3 f5 53. Rg6+ Kf7 54. Rh6 f4 55. Rxh5 e4+ 56. Ke2 Kg6 57. Rh8 Bf6 58. Rf8 Bd4 59. Bc1 f3+ 60. Ke1 e3 61. Rd8 Bc3+ 0-1


[Site "https://www.chess.com"]

[Event "Titled Tuesday Blitz November 29 Late 2022"]
[White "Putnam, Liam"]
[Black "Martinez Reyes, Pedro Ramon"]
[WhiteFideId "30938279"]
[BlackFideId "3901807"]
[WhiteElo "2082"]
[BlackElo "2354"]
[Result "1-0"]
[Round "08"]
[TimeControl "180+1"]
[Date "2022.11.30"]
[WhiteClock "0:01:49"]
[BlackClock "0:00:33"]

1. e4 c6 2. d4 d5 3. e5 Bf5 4. h4 h5 5. c4 e6 6. Nc3 Ne7 7. Nge2 Nd7 8. Ng3 Bg6 9. Bg5 Qb6 10. Rc1 Qxb2 11. Bd3 Bxd3 12. Qxd3 dxc4 13. Qxc4 Nb6 14. Qd3 Ned5 15. O-O Qa3 16. Nge4 Bb4 17. Qg3 Nxc3 18. Nxc3 Nd5 19. Nxd5 Qxg3 20. Nc7+ Kd7 21. fxg3 Raf8 22. Rb1 Ba5 23. Rxb7 Bxc7 24. Rxa7 Rhg8 25. Bd2 f5 26. Ba5 Rc8 27. Rb1 Rgf8 28. Rbb7 1-0


[Site "https://www.chess.com"]

[Event "Titled Tuesday Blitz November 29 Late 2022"]
[White "Qashashvili, Alexandre"]
[Black "Calcada, Lucas Galvan"]
[WhiteFideId "13600842"]
[BlackFideId "22746099"]
[WhiteElo "2405"]
[BlackElo "1523"]
[Result "1-0"]
[Round "08"]
[TimeControl "180+1"]
[Date "2022.11.30"]
[WhiteClock "0:00:07"]
[BlackClock "0:00:03"]

1. e4 c5 2. Nc3 Nc6 3. Nf3 g6 4. d3 Bg7 5. Be3 d6 6. Qd2 Nd4 7. Be2 h5 8. h3 e5 9. Nd5 Be6 10. c3 Nxe2 11. Qxe2 Bxd5 12. exd5 f5 13. Bg5 Bf6 14. Bxf6 Nxf6 15. c4 h4 16. Ng5 Qe7 17. Ne6 Nh5 18. O-O-O a6 19. Rhe1 b5 20. f4 Ng3 21. Qe3 e4 22. dxe4 Nxe4 23. Qf3 bxc4 24. Rxe4 fxe4 25. Qxe4 Ra7 26. Qxg6+ Qf7 27. Qe4 Kd7 28. Qxc4 Rb8 29. Qa4+ Rb5 30. Qc4 Rb4 31. Qe2 Qf6 32. Rd2 Rab7 33. Qg4 Ke7 34. Qe2 Kd7 35. Qg4 Ke7 36. Re2 Rxb2 37. Nxc5+ Rxe2 38. Qxe2+ Kf7 39. Nxb7 Qa1+ 40. Kd2 Qxa2+ 41. Ke3 1-0


[Site "https://www.chess.com"]

[Event "Titled Tuesday Blitz November 29 Late 2022"]
[White "Quinones Garcia, Santiago"]
[Black "Sailer, Mike"]
[WhiteFideId "4408497"]
[BlackFideId "2012901"]
[WhiteElo "2249"]
[BlackElo "2109"]
[Result "1-0"]
[Round "08"]
[TimeControl "180+1"]
[Date "2022.11.30"]
[WhiteClock "0:01:25"]
[BlackClock "0:01:03"]

1. e4 d5 2. exd5 Qxd5 3. Nc3 Qd6 4. d4 Nf6 5. Nf3 c6 6. Bc4 Bg4 7. Be3 e6 8. O-O Be7 9. a4 a5 10. h3 Bh5 11. Be2 Nbd7 12. Qd2 Nb6 13. Ne5 Bxe2 14. Qxe2 Nbd5 15. Nxd5 Nxd5 16. c4 Nxe3 17. fxe3 O-O 18. Qh5 f6 19. Nd3 Bd8 20. Nc5 Bc7 21. Rf4 Rab8 22. Raf1 e5 23. Rh4 exd4 24. Qxh7+ Kf7 25. Qh5+ Ke7 26. Re4+ Kd8 27. Rxd4 Qxd4 28. exd4 1-0


[Site "https://www.chess.com"]

[Event "Titled Tuesday Blitz November 29 Late 2022"]
[White "Radjabov, Teimour"]
[Black "Wieczorek, Oskar"]
[WhiteFideId "13400924"]
[BlackFideId "1133950"]
[WhiteElo "2709"]
[BlackElo "2404"]
[Result "1-0"]
[Round "08"]
[TimeControl "180+1"]
[Date "2022.11.30"]
[WhiteClock "0:02:15"]
[BlackClock "0:01:48"]

1. Nf3 Nf6 2. c4 c5 3. Nc3 Nc6 4. e3 e6 5. d4 d5 6. a3 a6 7. dxc5 Bxc5 8. b4 Ba7 9. Bb2 d4 10. exd4 Nxd4 11. Nxd4 Bxd4 12. Be2 O-O 13. O-O e5 14. Na4 Bf5 15. Bxd4 exd4 16. Bd3 Ne4 17. Qf3 Qd7 18. Nb6 Nd2 19. Qxf5 1-0


[Site "https://www.chess.com"]

[Event "Titled Tuesday Blitz November 29 Late 2022"]
[White "Rangel, Daniel"]
[Black "chess50years"]
[WhiteFideId "2124475"]
[WhiteElo "2225"]
[BlackElo "2166"]
[Result "0-1"]
[Round "08"]
[TimeControl "180+1"]
[Date "2022.11.30"]
[WhiteClock "0:01:26"]
[BlackClock "0:00:39"]

1. d4 d5 2. c4 c6 3. Nc3 Nf6 4. Bf4 g6 5. e3 Bg7 6. Nf3 O-O 7. h3 Bf5 8. cxd5 cxd5 9. Qb3 Qb6 10. Nxd5 Nxd5 11. Qxd5 Qxb2 12. Rd1 Qc3+ 13. Nd2 Nc6 14. Qb3 Qxb3 15. Nxb3 Nb4 16. g4 Be4 17. Rg1 Nxa2 18. Bc4 Nb4 19. Nc5 Bd5 20. Bxd5 Nxd5 21. Nxb7 Nxf4 22. exf4 Rab8 23. Nc5 Rb2 24. Rg3 Rd8 25. Rgd3 Rd5 26. Na4 Rc2 27. Nc3 Rd7 28. Ne4 a5 29. d5 a4 30. g5 Rc4 31. f3 h6 32. h4 hxg5 33. fxg5 Bb2 34. d6 exd6 35. Rxd6 Rxd6 36. Rxd6 a3 37. Ra6 Rc1+ 38. Kd2 Rh1 39. Nf6+ Bxf6 40. gxf6 a2 41. Ra8+ Kh7 0-1


[Site "https://www.chess.com"]

[Event "Titled Tuesday Blitz November 29 Late 2022"]
[White "Reprintsev, Alexander"]
[Black "Perez Torres, Nabi Isaias"]
[WhiteFideId "14100541"]
[BlackFideId "5120373"]
[WhiteElo "2230"]
[BlackElo "1915"]
[Result "0-1"]
[Round "08"]
[TimeControl "180+1"]
[Date "2022.11.30"]
[WhiteClock "0:00:20"]
[BlackClock "0:00:41"]

1. e4 c5 2. b3 d6 3. Bb2 Nf6 4. Bxf6 gxf6 5. Qh5 Nc6 6. Nc3 Nd4 7. Bc4 Nxc2+ 8. Kd1 Nxa1 9. Qxf7+ Kd7 10. Nf3 Kc7 11. Kc1 Bh6 12. Kb2 Nxb3 13. axb3 Qe8 14. Qd5 a6 15. Ra1 Bd7 16. Qd3 e6 17. g3 b5 18. Bd5 exd5 19. Nxd5+ Kb7 20. Kc2 Bc6 21. Nxf6 Qf7 22. e5 dxe5 23. Ne4 Rhd8 24. Nxc5+ Kb6 25. Qe3 Bxe3 0-1


[Site "https://www.chess.com"]

[Event "Titled Tuesday Blitz November 29 Late 2022"]
[White "Rian, Kapriaga"]
[Black "Barbot, Pierre"]
[WhiteFideId "7103263"]
[BlackFideId "663727"]
[WhiteElo "2334"]
[BlackElo "2439"]
[Result "1-0"]
[Round "08"]
[TimeControl "180+1"]
[Date "2022.11.30"]
[WhiteClock "0:00:40"]
[BlackClock "0:00:05"]

1. d4 Nf6 2. Nf3 d5 3. Bf4 e6 4. e3 Bd6 5. Ne5 O-O 6. Nd2 c5 7. c3 b6 8. Bd3 Bb7 9. Qf3 Nc6 10. Qh3 Ne7 11. O-O Ne4 12. f3 Nf6 13. Bg5 Ng6 14. Nxg6 hxg6 15. f4 Be7 16. Qh4 Re8 17. Rf3 Ne4 18. Rh3 f6 19. Nf3 Kf7 20. Rf1 Rh8 21. Qg4 Rxh3 22. Qxh3 Qh8 23. Bh4 Qh5 24. Ne5+ fxe5 25. fxe5+ Ke8 26. Qxe6 Qxh4 27. Bb5+ 1-0


[Site "https://www.chess.com"]

[Event "Titled Tuesday Blitz November 29 Late 2022"]
[White "Risteski, Emil"]
[Black "Petrovic, Aleksa"]
[WhiteFideId "15005267"]
[BlackFideId "967629"]
[WhiteElo "2251"]
[BlackElo "2224"]
[Result "1-0"]
[Round "08"]
[TimeControl "180+1"]
[Date "2022.11.30"]
[WhiteClock "0:01:17"]
[BlackClock "0:00:06"]

1. e4 e6 2. Qe2 c5 3. f4 Nc6 4. Nf3 Nge7 5. g3 g6 6. Bg2 Bg7 7. O-O O-O 8. c3 b6 9. Na3 d5 10. d3 Ba6 11. e5 d4 12. c4 Qd7 13. Ng5 Rae8 14. Ne4 Nc8 15. g4 f5 16. exf6 Bxf6 17. Bd2 Bb7 18. Rae1 e5 19. f5 Bh4 20. Rd1 gxf5 21. gxf5 Kh8 22. Qh5 Bd8 23. f6 Qf7 24. Qh4 Rg8 25. Ng5 Rxg5 26. Bxg5 Nd6 27. Bd5 Qg6 28. Qh6 Qxh6 29. Bxh6 e4 30. Bg7# 1-0


[Site "https://www.chess.com"]

[Event "Titled Tuesday Blitz November 29 Late 2022"]
[White "Rodriguez Fontecha, Marcos"]
[Black "Hjartarson, Johann"]
[WhiteFideId "2256576"]
[BlackFideId "2300044"]
[WhiteElo "2263"]
[BlackElo "2458"]
[Result "0-1"]
[Round "08"]
[TimeControl "180+1"]
[Date "2022.11.30"]
[WhiteClock "0:00:02"]
[BlackClock "0:00:41"]

1. Nf3 Nf6 2. g4 Nxg4 3. e4 d6 4. Nc3 c5 5. Bc4 e6 6. Rg1 Ne5 7. Nxe5 dxe5 8. d3 Nc6 9. Bg5 Qd7 10. Qh5 b6 11. O-O-O Bb7 12. f4 g6 13. Qh3 Be7 14. Rdf1 O-O-O 15. Bxe7 Qxe7 16. f5 exf5 17. exf5 Kb8 18. Qg3 Nd4 19. fxg6 fxg6 20. Rf7 Qd6 21. Re1 Nf5 22. Qxe5 Qxe5 23. Rxe5 Nd6 24. Rg7 Nf5 25. Rf7 Rdf8 26. Rd7 Bc6 27. Rf7 Rxf7 28. Bxf7 Rf8 29. Bb3 Nd4 30. Re7 Rf1+ 31. Kd2 Nf3+ 32. Ke3 Re1+ 33. Ne2 Nd4 34. Kf2 Rxe2+ 35. Rxe2 Nxe2 36. Kxe2 Kc7 37. Bg8 h6 38. Bf7 g5 39. Ke3 Kd6 40. c3 Bd5 41. Bxd5 Kxd5 42. Kf3 h5 43. h3 Ke5 44. Kg3 Kf5 45. b3 Ke5 46. a3 Kf5 47. Kf3 g4+ 48. Kg3 Kg5 0-1


[Site "https://www.chess.com"]

[Event "Titled Tuesday Blitz November 29 Late 2022"]
[White "Rodriguez Santiago, Jaime"]
[Black "Forgacs, Attila Jr."]
[WhiteFideId "3100898"]
[BlackFideId "773654"]
[WhiteElo "2025"]
[BlackElo "2168"]
[Result "1-0"]
[Round "08"]
[TimeControl "180+1"]
[Date "2022.11.30"]
[WhiteClock "0:00:22"]
[BlackClock "0:00:07"]

1. c4 e5 2. Nc3 d6 3. g3 g6 4. Bg2 Bg7 5. e4 Nc6 6. Nge2 f5 7. d3 Nf6 8. O-O O-O 9. exf5 Bxf5 10. d4 exd4 11. Nxd4 Nxd4 12. Qxd4 Qd7 13. Bxb7 Rae8 14. Bg2 Bh3 15. Be3 Bxg2 16. Kxg2 Kh8 17. h3 Ne4 18. Qd3 Qf7 19. f3 Nxc3 20. bxc3 Re6 21. Rf2 Rfe8 22. Bd4 Re1 23. Rxe1 Rxe1 24. Bxa7 c5 25. Bb8 Rc1 26. Qxd6 Rxc3 27. Qxc5 Rxc4 28. Qd6 Bd4 29. Re2 Bf6 30. Qd3 Rc8 31. Bf4 Rd8 32. Qe3 Kg7 33. a4 g5 34. Be5 h6 35. Bxf6+ Qxf6 36. a5 Ra8 37. Qb6 Qxb6 38. axb6 Rb8 39. Rb2 Kf6 40. Kf2 Ke5 41. Ke3 Kd5 42. b7 Ke5 43. Rb5+ Kd6 44. Ke4 Kc6 45. Rb3 Kd6 46. Kf5 Kd5 47. Kg6 Ke6 48. Kxh6 Kf6 49. Rb6+ Kf5 50. Rb5+ Kf6 51. Kh5 Rh8+ 52. Kg4 Rb8 53. h4 gxh4 54. Kxh4 Rh8+ 55. Kg4 Rg8+ 56. Kf4 Rb8 57. g4 Ke6 58. g5 Kd6 59. Kg4 Kc6 60. Rb3 Kd6 61. f4 Ke6 62. f5+ Ke5 63. g6 Kf6 64. Rb6+ Kg7 65. Kg5 Rf8 66. b8=Q Rxb8 67. f6+ Kf8 68. Rxb8# 1-0


[Site "https://www.chess.com"]

[Event "Titled Tuesday Blitz November 29 Late 2022"]
[White "Romero Ruscalleda, Josep"]
[Black "Goncalves, Davi Sulzbacher"]
[WhiteFideId "2231859"]
[BlackFideId "2154510"]
[WhiteElo "2183"]
[BlackElo "2182"]
[Result "0-1"]
[Round "08"]
[TimeControl "180+1"]
[Date "2022.11.30"]
[WhiteClock "0:00:02"]
[BlackClock "0:00:19"]

1. e4 c5 2. c3 d5 3. exd5 Qxd5 4. d4 Nf6 5. Nf3 cxd4 6. cxd4 Nc6 7. Nc3 Qd6 8. Be2 e6 9. O-O Be7 10. Bg5 O-O 11. Qd2 Bd7 12. a3 Nd5 13. Ne4 Bxg5 14. Qxg5 Qf4 15. Bd3 Qxg5 16. Nexg5 h6 17. Ne4 Rfd8 18. Rfd1 Nf4 19. Bf1 Ne7 20. g3 Bc6 21. Ned2 Nfd5 22. Ne5 Ba4 23. b3 Be8 24. Bg2 Nc3 25. Re1 Rxd4 26. Bxb7 Rb8 27. Ndf3 Rd6 28. Rac1 Ned5 29. Bxd5 Nxd5 30. b4 Ra6 31. Nc4 Bb5 32. Nfe5 f6 33. Nf3 Bxc4 34. Rxc4 Rxa3 35. Nd4 e5 36. Nc6 Rc8 37. Rd1 Nc3 38. Rd7 Kh7 39. h4 e4 40. h5 Ra6 41. Ne7 Rxc4 42. Ng6 Rc8 43. Re7 f5 44. Kg2 Rxg6 45. hxg6+ Kxg6 46. Rxa7 Nd5 47. Ra6+ Kg5 48. b5 Rc2 49. Kf1 Rb2 50. Rd6 Nc3 51. b6 Na4 0-1


[Site "https://www.chess.com"]

[Event "Titled Tuesday Blitz November 29 Late 2022"]
[White "Rose, Felix"]
[Black "Brown, Andrew"]
[WhiteFideId "5105722"]
[BlackFideId "3206513"]
[WhiteElo "2039"]
[BlackElo "2245"]
[Result "1-0"]
[Round "08"]
[TimeControl "180+1"]
[Date "2022.11.30"]
[WhiteClock "0:01:39"]
[BlackClock "0:00:04"]

1. e4 g6 2. d4 Bg7 3. Nf3 c6 4. h3 d5 5. e5 h5 6. Bd3 Nh6 7. O-O Bf5 8. Bxh6 Bxh6 9. Bxf5 gxf5 10. e6 fxe6 11. Re1 Qd6 12. Qe2 Nd7 13. Qxe6 Qxe6 14. Rxe6 Bc1 15. Nbd2 Bxb2 16. Rb1 Ba3 17. Rxb7 Bd6 18. c4 Kd8 19. c5 Bc7 20. Rxc6 Ba5 21. Nb3 1-0


[Site "https://www.chess.com"]

[Event "Titled Tuesday Blitz November 29 Late 2022"]
[White "Rosenberg, Evan S"]
[Black "Cruz Gomez, Miguel Angel"]
[WhiteFideId "2019299"]
[BlackFideId "5137160"]
[WhiteElo "2331"]
[BlackElo "2126"]
[Result "1-0"]
[Round "08"]
[TimeControl "180+1"]
[Date "2022.11.30"]
[WhiteClock "0:00:03"]
[BlackClock "0:00:09"]

1. d4 d5 2. Nf3 Nc6 3. Bf4 Bg4 4. c3 f6 5. h3 Bxf3 6. exf3 e5 7. dxe5 fxe5 8. Bg3 Nf6 9. Bb5 Bd6 10. c4 d4 11. c5 Bxc5 12. Bxe5 Bb4+ 13. Nd2 Qd5 14. Bxc6+ Qxc6 15. O-O O-O 16. Bxf6 Bxd2 17. Bxg7 Kxg7 18. Qxd2 Rad8 19. Rac1 Qd7 20. Qg5+ Kh8 21. Rfe1 Rde8 22. Re5 c6 23. Rce1 Rxe5 24. Qxe5+ Qg7 25. f4 Rd8 26. Kf1 d3 27. Rd1 Qxe5 28. fxe5 c5 29. f4 b5 30. f5 c4 31. e6 Kg7 32. g4 Kf6 33. Kf2 h5 34. Ke3 hxg4 35. hxg4 Rh8 36. Rg1 Ke5 37. Re1 Rh3+ 38. Kd2+ Kd4 39. e7 Rh2+ 40. Kd1 Rxb2 41. Re4+ Kc3 42. Ke1 d2+ 43. Ke2 Rb1 44. Re3+ Kc2 45. e8=Q d1=Q+ 46. Kf2 Qf1+ 47. Kg3 Qg1+ 48. Kf4 Rf1+ 49. Kg5 Qh2 50. Re2+ Kc3 51. Rxh2 1-0


[Site "https://www.chess.com"]

[Event "Titled Tuesday Blitz November 29 Late 2022"]
[White "Sabar, Ethmane Daouda"]
[Black "Curtis, John"]
[WhiteFideId "19600097"]
[BlackFideId "3200256"]
[WhiteElo "1950"]
[BlackElo "2203"]
[Result "0-1"]
[Round "08"]
[TimeControl "180+1"]
[Date "2022.11.30"]
[WhiteClock "0:00:02"]
[BlackClock "0:00:14"]

1. b3 Nf6 2. Bb2 e6 3. e3 d5 4. f4 c5 5. Bb5+ Bd7 6. Be2 d4 7. exd4 cxd4 8. Nf3 Nc6 9. Nxd4 Nxd4 10. Bxd4 Bc6 11. Bf2 Bxg2 12. Rg1 Bc6 13. Bf3 Ne4 14. Be3 Qh4+ 15. Ke2 Qxh2+ 16. Rg2 Qh3 17. Qg1 Nc3+ 18. Nxc3 Bxf3+ 19. Kf2 Qxg2+ 20. Qxg2 Bxg2 21. Kxg2 a6 22. Ne4 Rc8 23. c4 Be7 24. Bd4 f5 25. Ng5 Bxg5 26. fxg5 Rd8 27. Bxg7 Rxd2+ 28. Kf3 Rg8 29. Bf6 Kf7 30. Rh1 Rg7 31. Bxg7 Kxg7 32. Rh6 e5 33. Rb6 Rxa2 34. Rxb7+ Kg6 35. Re7 e4+ 36. Kf4 Rf2+ 37. Ke5 e3 38. Kd4 f4 39. c5 Rc2 40. b4 e2 41. Kd3 f3 42. Kxc2 f2 43. Rxe2 f1=Q 44. Rd2 Qc4+ 45. Kd1 Qxb4 46. Rc2 Qb1+ 47. Kd2 Qb4+ 48. Kc1 Qe1+ 49. Kb2 Qe5+ 50. Ka3 Qxg5 51. c6 Qd8 52. c7 Qc8 53. Kb4 h5 54. Ka5 h4 55. Kb6 h3 56. Rc6+ Kg5 57. Rd6 h2 58. Rd5+ Kg4 59. Rd8 Qxc7+ 60. Kxc7 h1=Q 61. Rg8+ Kf5 62. Rf8+ Ke6 63. Re8+ Kf7 64. Rd8 Qb1 65. Rd7+ Ke8 66. Rd6 a5 67. Ra6 Qb5 0-1


[Site "https://www.chess.com"]

[Event "Titled Tuesday Blitz November 29 Late 2022"]
[White "Salem, A.R. Saleh"]
[Black "Remizov, Yaroslav"]
[WhiteFideId "9301348"]
[BlackFideId "34134015"]
[WhiteElo "2628"]
[BlackElo "2414"]
[Result "0-1"]
[Round "08"]
[TimeControl "180+1"]
[Date "2022.11.30"]
[WhiteClock "0:00:02"]
[BlackClock "0:00:04"]

1. d4 Nf6 2. c4 e6 3. Nc3 Bb4 4. a3 Bxc3+ 5. bxc3 O-O 6. f3 d5 7. cxd5 exd5 8. e3 Bf5 9. Ne2 Re8 10. Kf2 c5 11. h3 Nc6 12. g4 Bg6 13. h4 h5 14. g5 Nh7 15. Ng3 Nf8 16. f4 cxd4 17. cxd4 Ne7 18. Bh3 Be4 19. Nxe4 dxe4 20. Qxh5 Nd5 21. Qd1 Qb6 22. Kg1 Rad8 23. Qe1 Ng6 24. Kh2 Ngxf4 25. exf4 e3 26. Rf1 Qxd4 27. Ra2 Nxf4 28. Bf5 e2 29. Rxf4 Qd1 30. Bd2 Rxd2 31. Qxd2 Qxd2 32. Rxd2 e1=Q 33. Rdf2 Qe3 34. Bh3 Re7 35. R4f3 Qe5+ 36. Kg2 Qd4 37. Rf4 Qd5+ 38. R4f3 Re3 39. Kg3 Rxf3+ 40. Rxf3 Qd6+ 41. Kg2 g6 42. Rf2 Qxa3 43. Rf3 Qb2+ 44. Kg3 Qe5+ 45. Kg2 b5 46. Kf2 b4 47. Bf1 a5 48. Kg2 Qe4 49. Kg3 Qe1+ 50. Kg2 Qe4 51. Kg3 a4 52. Bd3 Qe5+ 53. Kg2 Qd5 54. Bc2 b3 55. Bd1 Qxd1 0-1


[Site "https://www.chess.com"]

[Event "Titled Tuesday Blitz November 29 Late 2022"]
[White "Sanchez, Robert"]
[Black "Necromon"]
[WhiteFideId "2034360"]
[WhiteElo "2321"]
[BlackElo "2472"]
[Result "0-1"]
[Round "08"]
[TimeControl "180+1"]
[Date "2022.11.30"]
[WhiteClock "0:00:04"]
[BlackClock "0:00:11"]

1. e4 c5 2. Nf3 Nc6 3. d4 cxd4 4. Nxd4 g6 5. c4 Bg7 6. Nc2 Nf6 7. Nc3 O-O 8. Be3 d6 9. f3 Be6 10. Qd2 Nd7 11. Be2 a5 12. O-O a4 13. Rab1 Qa5 14. Bh6 Bxh6 15. Qxh6 Rac8 16. Kh1 Nb4 17. Ne3 Ne5 18. f4 Bxc4 19. Rf3 Nxf3 20. Bxf3 Nd3 21. Ncd5 Bxd5 22. Nxd5 Rfe8 23. h3 Qd2 24. Kh2 Rc1 25. Rxc1 Qxc1 26. Bg4 Nc5 27. b4 axb3 28. axb3 Nxe4 29. Bd7 Qd2 30. Bxe8 Qxd5 31. Qh4 Qxb3 32. Qxe7 Qe6 33. Bxf7+ Qxf7 34. Qxe4 b5 0-1


[Site "https://www.chess.com"]

[Event "Titled Tuesday Blitz November 29 Late 2022"]
[White "Schuster, Karsten"]
[Black "Dias, Joao Batista"]
[WhiteFideId "4611071"]
[BlackFideId "2108240"]
[WhiteElo "2294"]
[BlackElo "1898"]
[Result "1-0"]
[Round "08"]
[TimeControl "180+1"]
[Date "2022.11.30"]
[WhiteClock "0:00:38"]
[BlackClock "0:00:27"]

1. d4 d5 2. c4 c6 3. cxd5 cxd5 4. Bf4 Bf5 5. Nc3 e6 6. Qb3 Qb6 7. Qxb6 axb6 8. e3 Bb4 9. Bb5+ Nc6 10. Nf3 Ne7 11. Ne5 O-O 12. O-O f6 13. Nd7 Rfd8 14. Nxb6 Ra5 15. Nba4 Bxc3 16. Nxc3 Rxb5 17. Nxb5 Bd3 18. Nc3 Bxf1 19. Kxf1 g5 20. Bg3 h5 21. h3 Ra8 22. a3 Na5 23. Ke2 Nec6 24. Kd3 Nb3 25. Rd1 f5 26. Kc2 Nba5 27. Nb5 Nc4 28. Nd6 Nxd6 29. Bxd6 Na5 30. b3 Rc8+ 31. Kb2 Kf7 32. Bb4 Nc6 33. Rc1 Rg8 34. Bd6 g4 35. h4 Ke8 36. g3 Kd7 37. Bf4 Ra8 38. b4 b5 39. Rc5 Ra7 40. Rxb5 Ne7 41. Rc5 Nc6 42. Kb3 Rb7 43. Rc1 Rb6 44. Ka2 Rb7 45. Rc5 Rb6 46. Bh6 Kd6 47. Bf8+ Kd7 48. Rc1 Ke8 49. Bc5 Rb7 50. Rb1 Kd7 51. a4 Kc7 52. Ka3 Kd7 53. Rb2 Kc7 54. a5 Rb5 55. Ka4 Rb8 56. b5 Ra8 57. bxc6 Kxc6 58. Rb6+ Kd7 59. Rd6+ 1-0


[Site "https://www.chess.com"]

[Event "Titled Tuesday Blitz November 29 Late 2022"]
[White "Shimanov, Aleksandr"]
[Black "Cardoso Cardoso, Jose Gabriel"]
[WhiteFideId "4198603"]
[BlackFideId "4430492"]
[WhiteElo "2605"]
[BlackElo "2484"]
[Result "1-0"]
[Round "08"]
[TimeControl "180+1"]
[Date "2022.11.30"]
[WhiteClock "0:00:18"]
[BlackClock "0:00:03"]

1. g3 g6 2. e3 Bg7 3. d4 c5 4. Bg2 d5 5. dxc5 Nf6 6. Nc3 Qa5 7. Ne2 e6 8. O-O Qxc5 9. e4 dxe4 10. Be3 Qe7 11. Nxe4 Nxe4 12. Bxe4 O-O 13. c3 e5 14. Qb3 Nc6 15. Rfd1 Bg4 16. f3 Be6 17. Qb5 Rfd8 18. Bc2 a6 19. Qb6 Bc4 20. Re1 Rd7 21. Bb3 Bxb3 22. axb3 Rad8 23. b4 Qe6 24. b5 axb5 25. Qxb5 h5 26. Bb6 Rd5 27. Qc4 R8d7 28. Nf4 Qd6 29. Nxd5 Qxd5 30. Qxd5 Rxd5 31. Be3 Bf6 32. Red1 Rb5 33. Rd2 Be7 34. Kf2 Kg7 35. Ra8 Rb3 36. Ke2 h4 37. Kd1 hxg3 38. hxg3 Rb5 39. b4 e4 40. fxe4 Re5 41. Bd4 Nxd4 42. Rxd4 Rg5 43. Rd3 Rg4 44. Rb8 Bf6 45. Rxb7 Rxe4 46. b5 Rc4 47. b6 Bxc3 48. Rc7 Rb4 49. Rdxc3 Rxb6 50. Rf3 Rd6+ 51. Kc2 Kh6 52. Rcxf7 Rd5 53. Rd3 Rc5+ 54. Kd2 Kg5 55. Rf4 Ra5 56. Ke3 Re5+ 57. Kf3 Ra5 58. Re3 Rb5 59. Rfe4 Kh6 60. Re5 Rb4 61. R3e4 Rb3+ 62. Kg4 Rb7 63. Kh4 Rf7 64. g4 Rf1 65. g5+ Kg7 66. Re7+ Kg8 67. Re8+ 1-0


[Site "https://www.chess.com"]

[Event "Titled Tuesday Blitz November 29 Late 2022"]
[White "Sokolovsky, Yahli"]
[Black "Rubio Tent, Francisco"]
[WhiteFideId "2820242"]
[BlackFideId "2238233"]
[WhiteElo "2316"]
[BlackElo "2211"]
[Result "0-1"]
[Round "08"]
[TimeControl "180+1"]
[Date "2022.11.30"]
[WhiteClock "0:00:14"]
[BlackClock "0:00:13"]

1. b3 e5 2. Bb2 Nc6 3. e3 d5 4. Nf3 Bd6 5. d4 e4 6. Nfd2 Nce7 7. c4 c6 8. Nc3 f5 9. f4 Nf6 10. Be2 Be6 11. Qc2 a6 12. O-O-O b5 13. c5 Bc7 14. h3 h5 15. Rdg1 h4 16. g4 hxg3 17. Rxg3 g6 18. Nd1 Qd7 19. Nf2 O-O-O 20. Nb1 Rh4 21. Qd2 Rdh8 22. Rhg1 Bf7 23. Bc3 Qd8 24. Na3 Kb7 25. Nc2 a5 26. Ne1 Be8 27. Ng2 R4h7 28. h4 Nh5 29. Bxh5 Rxh5 30. Nh3 b4 31. Bb2 Ng8 32. Ng5 Qf6 33. a3 bxa3 34. Bxa3 Kc8 35. Bb2 Kd7 36. Bc3 Qd8 37. Kb2 Nf6 38. Ra1 Ng4 39. Rh3 Qb8 40. Bxa5 Qb5 41. Bxc7 Kxc7 42. Rhh1 Bd7 43. Ra7+ Kd8 44. Rha1 Ke7 45. R1a5 Qf1 46. Rb7 Nf2 47. Raa7 Rd8 48. Kc2 Qxg2 49. Ra2 Rxh4 50. Kc3 Rh2 51. Rc2 Qg3 52. b4 Nd1+ 53. Qxd1 Qxe3+ 54. Kb2 Rxc2+ 55. Kxc2 Qxf4 56. Qg1 Ra8 57. Kb3 Qd2 58. Qb1 Qe3+ 59. Kc2 Qxg5 60. b5 Qg2+ 61. Kc1 Ra2 62. Rxd7+ Kxd7 63. bxc6+ Ke6 64. Qb3 Qf2 65. Kb1 Qe2 66. Qxa2 Qd1+ 67. Kb2 Qxd4+ 68. Kb3 Qxc5 69. Qa6 Qc4+ 70. Qxc4 dxc4+ 71. Kxc4 Kd6 72. Kb5 Kc7 73. Kc5 g5 74. Kd5 g4 75. Ke5 g3 76. Kf4 g2 77. Kxf5 g1=Q 78. Kxe4 Qc1 79. Kd4 Qxc6 80. Ke5 Qd6+ 81. Ke4 Kd7 82. Ke3 Ke7 0-1


[Site "https://www.chess.com"]

[Event "Titled Tuesday Blitz November 29 Late 2022"]
[White "Stanisz, Patryk"]
[Black "Arbunic Castro, Giovanna"]
[WhiteFideId "1123106"]
[BlackFideId "3400549"]
[WhiteElo "2069"]
[BlackElo "1936"]
[Result "1-0"]
[Round "08"]
[TimeControl "180+1"]
[Date "2022.11.30"]
[WhiteClock "0:00:11"]
[BlackClock "0:00:07"]

1. d4 Nf6 2. c4 g6 3. Nc3 Bg7 4. e4 d6 5. Be2 O-O 6. g4 e5 7. d5 h6 8. h4 Nh7 9. Be3 f5 10. gxf5 gxf5 11. exf5 Bxf5 12. Qd2 Qf6 13. O-O-O Nd7 14. Nf3 e4 15. Nd4 Ne5 16. Rdg1 h5 17. Ncb5 a6 18. Nxf5 Qxf5 19. Nd4 Qf7 20. Bh6 Ng4 21. Bxg7 Qxg7 22. Bxg4 hxg4 23. Ne6 Qg6 24. h5 Qf5 25. Qh6 Rf7 26. Qg6+ Kh8 27. Rxg4 b5 28. Rf4 Qxg6 29. hxg6 Rxf4 30. Rxh7+ Kg8 31. Nxf4 bxc4 32. Nh5 Rb8 33. Nf6+ Kf8 34. Rf7# 1-0


[Site "https://www.chess.com"]

[Event "Titled Tuesday Blitz November 29 Late 2022"]
[White "Suder, Jakub"]
[Black "Zhigalko, Sergei"]
[WhiteFideId "1195310"]
[BlackFideId "13502956"]
[WhiteElo "2243"]
[BlackElo "2662"]
[Result "0-1"]
[Round "08"]
[TimeControl "180+1"]
[Date "2022.11.30"]
[WhiteClock "0:00:01"]
[BlackClock "0:00:02"]

1. d4 Nf6 2. c4 e6 3. Nc3 Bb4 4. Qb3 a5 5. g3 O-O 6. Bg2 Re8 7. Bd2 Nc6 8. Nf3 d5 9. cxd5 exd5 10. e3 Bg4 11. O-O Ne4 12. Qc2 Bxc3 13. Bxc3 Qf6 14. Nd2 Nxd2 15. Bxd2 Bf3 16. Bxf3 Qxf3 17. Qd1 Qf5 18. Qb1 Qf3 19. Qd1 Qf5 20. Qb1 Qh3 21. Qd3 Re6 22. f3 Ne7 23. e4 b6 24. Bg5 Ng6 25. e5 h6 26. Be3 c5 27. f4 Nh4 28. Rf2 c4 29. Qe2 Nf5 30. Rg2 h5 31. Bf2 Rd8 32. b3 b5 33. a4 bxa4 34. bxc4 dxc4 35. Qxc4 h4 36. g4 Ne7 37. Qxa4 Nd5 38. Ra3 Nc3 39. Qb3 Rc6 40. Kh1 Qf3 41. Kg1 h3 42. Rg3 Ne2+ 0-1


[Site "https://www.chess.com"]